 Dungeon Sprint DCSS version 0.29-a0-732-g3d7fbe0af2 (webtiles) character file.

Game seed: 1469265074611770501

858 Hipnos the Thaumaturge (level 7, 0/37 HPs)
             Began as a Deep Elf Fire Elementalist on June 29, 2022.
             Was an Initiate of Vehumet.
             Slain by a hornet (12 damage)
             ... in the Dungeon (Sprint II: "The Violet Keep of Menkaure").
             The game lasted 00:07:54 (719 turns).

Hipnos the Thaumaturge (Deep Elf Fire Elementalist)  Turns: 719, Time: 00:07:54

Health: 0/37       AC:  2    Str:  5    XL:     7   Next: 71%
Magic:  3/25       EV: 14    Int: 22    God:    Vehumet [......]
Gold:   38         SH:  0    Dex: 15    Spells: 6/32 levels left

rFire   . . .      SeeInvis .   (no weapon)
rCold   . . .      Faith    .   (no shield)
rNeg    . . .      Spirit   .   a - +0 robe
rPois   .          Reflect  .   (no helmet)
rElec   .          Harm     .   (no cloak)
rCorr   .          Rampage  .   (no gloves)
Will    .....      NoTele   +   (no boots)
Stlth   +++.......              (no amulet)
HPRegen 0.12/turn               (no ring)
MPRegen 0.19/turn               (no ring)

@: hasted, very quick
A: no striking features
a: Renounce Religion


You were in the Dungeon.
You worshipped Vehumet.
Vehumet was noncommittal.
You visited 1 branch You collected 486 gold pieces.
You spent 448 gold pieces at shops.

Inventory:

Armour
 a - a +0 robe (worn)
Scrolls
 g - a scroll of blinking
Potions
 b - 2 potions of magic
 f - a potion of berserk rage


   Skills:
 + Level 0.3 Fighting
 + Level 5.9 Dodging
 + Level 5.7 Stealth
 + Level 13.0 Spellcasting
 * Level 5.3 Conjurations
 + Level 12.9 Fire Magic


You had 6 spell levels left.
You knew the following spells:

 Your Spells              Type           Power      Damage    Failure   Level
a - Foxfire               Conj/Fire      100%       2x1d9     1%          1
b - Scorch                Fire           100%       2d10      1%          2
c - Conjure Flame         Conj/Fire      53%        6-21      1%          3
d - Inner Flame           Hex/Fire       42%        N/A       1%          3
e - Flame Wave            Conj/Fire      53%        2d11      1%          4
f - Dazzling Flash        Conj/Hex       52%        N/A       4%          3
g - Iskenderun's Mystic   Conj/Tloc      26%        2d7       16%         4
h - Starburst             Conj/Fire      26%        6d8       16%         6

Your spell library contained the following spells:

 Spells                   Type           Power      Damage    Failure   Level


Dungeon Overview and Level Annotations

Branches:
Dungeon (1/1)

Altars:
Cheibriados
Dithmenos
Elyvilon
Fedhas
Gozag
Hepliaklqana
Kikubaaqudgha
Makhleb
Nemelex Xobeh
Okawaru
Qazlal
Ru
Sif Muna
Trog
Uskayaw
Vehumet
Wu Jian
Xom
Yredelemnul
Zin
The Shining One
Beogh
Jiyva
Lugonu

Shops:
D :[(:=(![((?[=:!

Annotations:
D exclusions: ice statue, oklob plant and orange crystal statue


Message History

Okay, then.
Casting: Flame Wave (quite dangerous; 3% risk of failure)
Confirm with . or Enter, or press ? or * to list all spells.
The spell is quite dangerous to miscast (3% risk of failure)!
Continue anyway?
Casting: Flame Wave (quite dangerous; 3% risk of failure)
Press: ? - help, Dir - look around, f - activate A wave of flame ripples out! (Press . to intensify the flame waves.)
A wave of flame ripples out!
The yaktaur wields a +0 arbalest.
The yaktaur shoots a bolt.
The bolt hits you!!
Ouch! That really hurt!
A wave of flame ripples out!
The flame wave engulfs the polar bear.
The polar bear is heavily wounded.
The flame wave engulfs the yaktaur.
The yaktaur is severely wounded.
You finish channelling waves of flame.
Casting: Flame Wave (quite dangerous; 3% risk of failure)
Confirm with . or Enter, or press ? or * to list all spells.
Okay, then.
Casting: Flame Wave (quite dangerous; 3% risk of failure)
Confirm with . or Enter, or press ? or * to list all spells.
The spell is potentially lethal to miscast (41% risk of failure)!
Continue anyway?
Casting: Starburst (potentially lethal; 41% risk of failure)
Press: ? - help, Dir - look around, f - activate The bolt of fire hits the polar bear!!
You kill the polar bear!
Vehumet accepts your kill.
The bolt of fire hits the yaktaur!!
You kill the yaktaur!
Vehumet accepts your kill.
The bolt of fire hits the polar bear!
The polar bear is moderately wounded.
The bolt of fire hits the polar bear!!
The polar bear is heavily wounded.
Your Spellcasting skill gained 3 levels and is now at level 13!
Your Conjurations skill gained 3 levels and is now at level 5!
Your Fire Magic skill increases to level 12!
You have reached level 7!
You feel yourself speed up. The hornet misses you. The hornet stings you!
You die...

.<.+# +..### ..##.#▓!??$$
#.##.# #....###...##▓▓▓▓▓▓
#+# l##§.....≈≈≈≈≈≈≈≈≈≈≈≈
.#B ###≈≈§...§≈#'########+
B ..#≈≈≈§≈≈§..≈#_._.....#≈
$ .##≈§§≈≈≈≈≈.≈#.h._....#≈
#+##≈≈≈§§§§≈≈≈§#h._._...#≈
≈≈≈≈≈≈§§≈§§≈§≈≈#y_._._..#≈
+#+++#≈§≈≈§≈§≈§#@._._._.#§
≈≈≈≈ ##§§≈###≈§#._._._._#§
§§≈≈≈≈##§≈# #≈≈#.._._._.#§
≈8≈§≈≈≈+≈≈# #§≈#._._._..#≈
≈≈≈§≈≈##≈§≈§≈§≈##########≈
§≈§≈≈## ########≈≈≈≈≈≈≈≈≈≈
#+#### ○≈≈§###≈########≈
≈☼≈○≈##≈#


You could see 2 polar bears and a hornet.

Vanquished Creatures
  A yaktaur (D)
  A polar bear (D)
  Menkaure (D)
  A water moccasin (D)
  4 scorpions (D)
  3 worms (D)
11 creatures vanquished.

Vanquished Creatures (others)
  17 foxfires (D)
17 creatures vanquished.

Grand Total: 28 creatures vanquished

Notes
Turn   | Place    | Note
-------+----------+-------------------------------------------
     0 | D        | Hipnos the Deep Elf Fire Elementalist began the quest for
                  | the Orb.
     0 | D        | Reached XP level 1. HP: 10/10 MP: 6/6
     1 | D        | Noticed a wyvern
     1 | D        | Noticed a wyvern
     4 | D        | Noticed a scorpion
     4 | D        | Noticed a scorpion
     4 | D        | Noticed a scorpion
     4 | D        | Noticed a scorpion
    87 | D        | Reached XP level 2. HP: 15/15 MP: 4/8
   121 | D        | Learned a level 2 spell: Scorch
   126 | D        | Noticed a boulder beetle
   126 | D        | Noticed a boulder beetle
   135 | D        | Killed a scorpion
   136 | D        | Reached skill level 6 in Spellcasting
   136 | D        | Reached XP level 3. HP: 10/19 MP: 0/12
   136 | D        | Reached XP level 4. HP: 13/24 MP: 0/14
   143 | D        | Killed a scorpion
   144 | D        | Reached skill level 7 in Spellcasting
   144 | D        | Killed a scorpion
   145 | D        | Reached skill level 8 in Spellcasting
   145 | D        | Reached XP level 5. HP: 19/28 MP: 5/18
   146 | D        | Reached skill level 9 in Spellcasting
   146 | D        | Reached skill level 10 in Fire Magic
   304 | D        | Learned a level 3 spell: Conjure Flame
   308 | D        | Learned a level 3 spell: Inner Flame
   313 | D        | Learned a level 4 spell: Flame Wave
   316 | D        | Noticed an ice statue
   318 | D        | Noticed Menkaure
   321 | D        | Killed Menkaure
   322 | D        | Reached skill level 5 in Dodging
   322 | D        | Reached skill level 5 in Stealth
   322 | D        | Reached skill level 10 in Spellcasting
   322 | D        | Reached XP level 6. HP: 18/32 MP: 12/21
   450 | D        | Noticed a water moccasin
   452 | D        | Killed a water moccasin
   469 | D        | Found Pafydia's Antique Armour Shoppe.
   469 | D        | Found Gakles's Magic Scroll Shoppe.
   469 | D        | Found Qantatt's Jewellery Shoppe.
   469 | D        | Found Penoel's Distillery.
   469 | D        | Found Laffukli's Distillery.
   470 | D        | Found Habliyli's Book Emporium.
   470 | D        | Found Jekioris's Antique Weapon Shoppe.
   470 | D        | Found Coqad Beho's Antique Weapon Emporium.
   470 | D        | Found Nalimmeymp's Jewellery Shoppe.
   470 | D        | Found Nezimuesm's Book Emporium.
   471 | D        | Found Wietz's Antique Weapon Shoppe.
   471 | D        | Found Muuprin's Armour Emporium.
   472 | D        | Found Qomod's Antique Armour Shoppe.
   472 | D        | Found Luoq Afe's Antique Weapon Emporium.
   473 | D        | Noticed a great orb of eyes
   473 | D        | Noticed an oklob plant
   474 | D        | Found Urchihig's Book Shoppe.
   476 | D        | Noticed an iron elemental
   478 | D        | Noticed a slime creature
   478 | D        | Noticed a slime creature
   494 | D        | Bought a book of Spectacle for 448 gold pieces
   498 | D        | Learned a level 3 spell: Dazzling Flash
   503 | D        | Learned a level 4 spell: Iskenderun's Mystic Blast
   510 | D        | Learned a level 6 spell: Starburst
   523 | D        | Noticed an orange crystal statue
   533 | D        | Found a radiant altar of Vehumet.
   533 | D        | Found an iron altar of Okawaru.
   533 | D        | Found a glowing silver altar of Zin.
   534 | D        | Found a sparkling altar of Nemelex Xobeh.
   534 | D        | Found a hide-covered altar of Uskayaw.
   534 | D        | Found a basalt altar of Yredelemnul.
   534 | D        | Found a glowing golden altar of the Shining One.
   535 | D        | Found a burning altar of Makhleb.
   535 | D        | Found a bloodstained altar of Trog.
   535 | D        | Found an opulent altar of Gozag.
   535 | D        | Found a shimmering altar of Xom.
   536 | D        | Found a corrupted altar of Lugonu.
   536 | D        | Found a blossoming altar of Fedhas.
   536 | D        | Found a shimmering blue altar of Sif Muna.
   536 | D        | Found an ornate altar of the Wu Jian Council.
   536 | D        | Noticed a polar bear
   537 | D        | Found an ancient bone altar of Kikubaaqudgha.
   537 | D        | Found a white marble altar of Elyvilon.
   537 | D        | Found a sacrificial altar of Ru.
   538 | D        | Found a viscous altar of Jiyva.
   538 | D        | Found a shadowy altar of Dithmenos.
   538 | D        | Found a stormy altar of Qazlal.
   693 | D        | Found a snail-covered altar of Cheibriados.
   695 | D        | Found a hazy altar of Hepliaklqana.
   695 | D        | Noticed a hornet
   696 | D        | Noticed a yaktaur
   697 | D        | Noticed a polar bear
   702 | D        | Became a worshipper of Vehumet
   703 | D        | Noticed a polar bear
   718 | D        | Killed a polar bear
   718 | D        | Killed a yaktaur
   719 | D        | Reached skill level 13 in Spellcasting
   719 | D        | Reached skill level 5 in Conjurations
   719 | D        | Reached XP level 7. HP: 12/37 MP: 3/25
   719 | D        | Slain by a hornet

Illustrated notes

Levels and vault maps discovered:
D:        the_violet_keep_of_menkaure [sprint2_stairs_cluster_1,
          sprint2_shoproom, sprint2_temple, sprint2_basic_supplies,
          sprint2_obstacle_4, sprint2_obstacle_3, sprint2_obstacle_2,
          sprint2_obstacle_1, sprint2_obstacle_6, sprint2_timed_cluster_1,
          sprint2_smallroom_cluster_1, sprint2_smallroom_final_cluster_1,
          sprint2_transparent_cluster_1, sprint2_second_timed_cluster_1,
          sprint2_sniper_area_1, sprint2_heavy_combat_area_1,
          sprint2_mutation_trap_area_1, sprint2_forest_area_1,
          sprint2_light_combat_area_1, sprint2_behind_water_1,
          sprint2_near_end_vault_1]

Skill      XL: |  1  2  3  4  5  6 |
---------------+-------------------+-----
Fire Magic     | 4 7 9 11 12 | 12.9
Dodging        | 3 4 5 |  5.9
Stealth        | 3 4 5 |  5.7
Spellcasting   | 6 8 10 13 | 13.0
Conjurations   | 2 5 |  5.3
Fighting       | |  0.3

Action                   |  1- 3 |  4- 6 |  7- 9 || total
-------------------------+-------+-------+-------++-------
Melee: Unarmed           |     2 |       |       ||     2
 Cast: Foxfire           |     9 |     1 |       ||    10
       Scorch            |     3 |    11 |       ||    14
       Starburst         |       |     2 |       ||     2
       Flame Wave        |       |     1 |       ||     1
  Use: Potion            |       |     3 |     1 ||     4
Dodge: Dodged            |     2 |     8 |     1 ||    11

Table legend: (Time is in decaauts)
 A = Elapsed time spent in this place.
 B = Non-inter-level travel time spent in this place.
 C = Inter-level travel time spent in this place.
 D = Time resting spent in this place.
 E = Time spent auto-exploring this place.
 F = Levels seen in this place.
 G = Mean time per level.
                   A        B        C        D        E       F      G
               +--------+--------+--------+--------+--------+-----+--------+
         Total |    739 |    739 |      0 |    494 |      0 |   1 |  739.0 |
       Dungeon |    739 |    739 |      0 |    494 |      0 |   1 |  739.0 |
               +--------+--------+--------+--------+--------+-----+--------+

Top non-repeatable levels by time:
       D: 739 daAuts
